[Event "EU-ch 12th"]
[Site "Aix les Bains"]
[Date "2011.03.31"]
[Round "9"]
[White "Inarkiev, Ernesto"]
[Black "Hammer, Jon Ludvig"]
[Result "1-0"]
[ECO "C67"]
[WhiteElo "2674"]
[BlackElo "2606"]
[Annotator "Marchand,A/Primel,D"]
[PlyCount "157"]
[EventDate "2011.03.22"]
[EventType "swiss"]
[EventRounds "11"]
[EventCountry "FRA"]
[SourceTitle "CBM 142 Extra"]
[Source "ChessBase"]
[SourceDate "2011.06.27"]
[SourceVersion "1"]
[SourceVersionDate "2011.06.27"]
[SourceQuality "1"]
[TimeControl "40/5400+30:1800+30"]

1. e4 e5 2. Nf3 Nc6 3. Bb5 Nf6 4. O-O (4. d3 {La grande mode actuelle pour
éviter le mur de Berlin} Bc5 5. c3 (5. O-O) 5... O-O 6. O-O d6 7. h3 a6 8. Bxc6
bxc6 9. Re1 Re8 10. Nbd2 d5 $132) 4... Nxe4 5. d4 Nd6 {La variante du Mur de
Berlin qui donne des positions très techniques} (5... Be7 {L'alternative se
joue moins aujourd'hui} 6. Qe2 Nd6 7. Bxc6 bxc6 8. dxe5 Nb7 (8... Nf5 9. Qe4
$14)) (5... a6 $5 {La recommandation de Keres ne semble pas poser trop de
problèmes aux Noirs pour égaliser} 6. Bxc6 dxc6 7. Qe2 Bf5 $132) 6. Bxc6 dxc6
7. dxe5 Nf5 8. Qxd8+ Kxd8 9. Nc3 (9. h3 {Joué par le norvégien а la ronde 6}
Bd7 {Sutovsky,E (2692)-Hammer,J (2606) EU-ch 12th Aix-Les-Bains 2011 (6) 0-1})
9... Bd7 (9... Ne7 10. h3 Ng6 (10... h6)) (9... Ke8 {La grande ligne} 10. b3 (
10. h3) 10... a5 11. Bb2 Bb4 12. Ne4 $1 {[%csl Gb2,Gc8];Habu,Y (2342)-Marcelin,
C (2452) 2ème tournoi de maîtres NAO 2002 (3) 1-0 (Joël LAUTIER) Il est connu
que l'echange du fou de cases noires contre un cavalier blanc facilite la
defense des noirs, puisqu'ils obtiennent aussitot une finale avec fous de
couleur opposee.}) (9... h6 10. h3 Bd7) 10. Rd1 {94} (10. h3 Kc8 (10... h6 {
La grande ligne}) (10... b6 11. Rd1 (11. b3 Kc8 12. Bb2 h5 13. Rad1 Be7 14. Bc1
a5 15. Bg5 Bb4 16. Ne2 a4 (16... c5 $5 {Movsesian}) 17. c3 {Movsesian,S (2702)
-Leko,P (2720) RUS-chT 19th 2012 (7) 1-0}) 11... Kc8 12. g4 Ne7 13. Ng5 f5 14.
e6 (14. Nf7 $5 {Cabrilo inf 111} Rg8 15. Re1) 14... Be8 {Navara,D (2708)
-Hammer,J (2647) Tata Steel-B 73rd 2011 (4) 1/2}) 11. b3 b6 12. Rd1 Be7 13. Bg5
h6 14. Bxe7 Nxe7 15. Kh2 c5 {Ivanchuk,V (2739)-Hammer,J (2636) GRE-chT Div-A
38th 2010 (7) 1-0} (15... Re8 $142 $1 16. Rd3 c5 17. g4 {Kotronias "the
Grandmaster battle manual"})) 10... Kc8 {93} (10... Ke8 11. h3) 11. Ng5 (11. h3 b6 12. g4 Ne7 13. Ng5 f5 14. e6 {Navara,D (2708)-Hammer,J 
(2647) Tata Steel-B 73rd 2011 (4) 1/2} (14. Nf7 $5 Rg8 15. Re1 {Cabrilo inf 111
})) 11... Be8 12. Nge4 {94} (12. b3 b6 13. Bb2 Be7 14. Nge4 Kb7 15. Rd3 Rd8 16.
Rad1 ({RR} 16. Rxd8 Bxd8 17. Rd1 Kc8 18. g4 Nh4 19. f4 h5 20. h3 hxg4 21. hxg4
Bd7 22. Nf2 f5 23. g5 Ng6 24. Ne2 Nf8 25. Kg2 Ne6 26. Kg3 c5 27. c4 Bc6 28. Nc3
a5 29. Nd5 Be8 30. a4 c6 {Bologan,V (2684)-Hammer,J (2636)/Peristeri 2010/0-1 
(44)}) 16... Rxd3 17. Rxd3 h5 18. Bc1) 12... b6 {80 Fin de la préparation des
Noirs} ({RR} 12... h6 13. b3 b6 14. Bb2 Kb7 15. Rd3 a5 16. a4 Ne7 17. Ne2 c5
18. Nf4 Bc6 19. Ng3 Ng6 20. Nfh5 Re8 21. f4 Nh4 22. Rd2 c4 23. bxc4 Bb4 24. Re2
Rhg8 25. Bd4 Bxg2 26. Rxg2 Nf3+ 27. Kh1 {Shukh,N (2438)-Chuprov,D (2520)/
Taganrog 2011/0-1 (52)}) 13. f3 $146 {[%cal Gg1f2] 94 Une préparation maison} (
13. h3 Kb7 14. g4 Ne7 15. Bf4 (15. f4 c5 16. f5 Nc6 17. Bf4 Nd4 18. Rac1 h5)
15... h5 16. f3 c5 17. Kf2 Nc6 18. Nd5 Nd4 19. c3 Ne6 20. Bg3 ({RR} 20. Be3
hxg4 21. hxg4 Rh2+) 20... Bc6 21. Rd2 (21. f4 Rd8 22. c4) 21... hxg4 22. hxg4
c4 23. Kg2 Rd8 24. Rad1 Ba4 25. Re1 Bc6 26. Red1 Ba4 27. Re1 Bc6 {1/2-1/2
Kasparov,G (2827)-Kramnik,V (2797)/Zuerich 2001/[Wedberg]}) (13. b3 c5 14. Bb2
Nd4 15. Rd2 (15. Nd5 Nxc2 16. Rac1 Nb4 17. Nxb4 cxb4 18. Nd6+ Bxd6 19. exd6 c5
20. Re1 (20. Bxg7 Rg8 $132 )) 15... Kb7 16. Nd5 Rd8 17.
c4 Bc6 18. Bxd4 cxd4 19. Rxd4 Ba3 {RR} 20. Rd2 Rhe8 21. Re1 f6 22. exf6 Bb4 23.
f7 Rxe4 24. Rxe4 Bxd2 25. Re7 Bxd5 26. Re8 Bxf7 27. Rxd8 Bc3 28. Rd3 Bf6 29. f4
Bg6 30. Rd1 h5 31. Kf2 Bc2 32. Rd2 Bb1 33. Kf3 a5 34. g3 Bc3 {Leko,P (2743)
-Kramnik,V (2770)/Budapest 2001/0-1 (56)}) 13... c5 {[%csl Rd5][%cal Gf5d4] 78}
(13... Kb7 14. Kf2 c5 15. Nd5 Rd8 $6 16. Bg5 $36 {Hou,Y (2605)-Stefanova,A 
(2493) EU-Cup (Women) 17th 2012 (2.4) 1-0}) 14. Nd5 {[%cal Gc2c3] 93} Kb7 {76}
(14... c6 15. Ne3 $14) 15. Kf2 {81 Probablement la fin de la préparation des
Blancs même si c'est la suite logique de la poussée f3} h6 {81} (15... Bc6 $5 {
[%cal Ga8d8] Le P"f7" n'est peut-être pas prenable et l'option d'activer le B
est intéressante.} 16. Ng5 (16. Bg5 h6) (16. g4 Nd4 $132 ) (16. c4
Nd4 ) 16... c4 17. Nxf7 Bc5+) 16. g4 {45 Joué après
une longue réflexion} (16. a4 $5 ) 16... Ne7 {62} 17. c4 h5
18. h3 hxg4 19. hxg4 f5 20. exf6 {29} Nxd5 {45} 21. cxd5 Bg6 22. Bf4 $1 $32 {
[%csl Rc7,Gd5,Gh2] 22} Bxe4 {Egalité au temps} 23. fxe4 gxf6 24. Rh1 $1 c4 (
24... Bd6 25. Bxd6 cxd6 ) 25. Rxh8 Bc5+ 26. Kg3 Rxh8 27. Rc1 b5 28.
b3 Ba3 $6 {Quelques coups plus tard le Ba3 sera mal placé} (28... a5 $142 29.
bxc4 b4 $44 {[%csl Gc5] Le sacrifice du P se fait dans des meilleures
conditions que dans la partie}) 29. Rc2 {Les Blancs ont une bonne finale} a5
30. bxc4 {12} b4 {[%csl Ra3] 10} 31. Be3 (31. g5 Rg8)
31... Rh1 32. c5 a4 33. c6+ $1 {[%csl Ra3,
Rb7,Gc6,Rc7][%cal Gd5d6] Les Noirs ont maintenant 02 pièces mal placées} Kc8 {
Malgré le matériel réduit, le K Noir est en danger.} (33... Ka6 34. e5 $1 {[%cal Gd5d6,Gc6c7] Kc8 joué dans la partie a pour but de parer
cette menace e4e5}) 34. Rc5 $1 $40 {[%csl Ra4,Rc8][%cal Gc5b5,Gc5a5] Un fort
coup multifonction:  la R gagne un tempo décisif en menaçant d'un Mat du
couloir pour placer la R derrière le P passé et la position Noire est déjà
critique. C'est une nouvelle illustration du fait que la présence de B de
couleurs opposées favorise l'attaque tant que les R ne sont pas échangées.} b3
35. Ra5 Bd6+ 36. Kg2 Rh2+ 37. Kf3 Rh3+ (37... Rxa2 38.
Ra8#) 38. Ke2 Kd8 39. axb3 axb3 40. Rb5 Rh2+ 41. Kd3 b2 (41... Rg2 42. g5 fxg5
43. Rxb3 Ke7 44. Rb8 ) 42. g5 $1 Ke7 43. gxf6+ Kxf6 44.
Bd4+ Be5 45. d6 $1 {[%csl Gc6] Une belle technique!} cxd6 46. Bxe5+ dxe5 47.
Rxb2 $1 (47. c7 $2 Rh8 $11 ) 47... Rxb2 48. c7 Rb3+ 49. Kc2
Rb4 50. c8=Q Rxe4 51. Kd3 $1 {Les espoirs Noirs de construire une forteresse
seront vains car le Pe5 est mal placé. En effet, la finale serait
théoriquement nulle si le P était resté sur sa case d'origine e7 comme l'avait
démontré Philidor} Rd4+ 52. Ke3 Rf4 53. Qc6+ {C'est la grande différence avec
un Pe7 qui aurait permi aux Noirs de ramener le K en 08ème rangée pour annuler.
Dans cette position, le K Noir est contraint de monter en 05ème rangée et les
Blancs ont réalisé la première partie du plan de gain; La seconde plus
difficile sera de gagner un tempo permettant au K Blanc de traverser la 4ème
rangée pour se placer derrière le P noir.} Kf5 54. Qd5 Kf6 55. Qd6+ Kf5 56. Qe7
Re4+ 57. Kf3 Rf4+ 58. Kg3 Rg4+ 59. Kh3 Rd4 {La R n'a que deux cases f4 et d4
disponibles sous peine d'être perdue} 60. Qf7+ Kg5 61. Qe6 Rd3+ {La R va
manquer de protection} (61... Kf4 62. Qg4+ Ke3 63. Qf5 Re4 64. Kg3 Kd4 65. Qd7+ Kc5 (65... Ke3 66. Qd5 ) 66. Qe6 Kd4 67.
Qd6+) 62. Kg2 Kf4 63. Kf2 Rd2+ 64. Ke1 Rd3 65. Ke2 Re3+ 66. Kd2 Rg3 67. Qf6+
Ke4 68. Qh4+ {Illustrant le problème de la R non protégée} Kf3 69. Kd3 $1 {
Après le passage du K Blanc, la position noire va s'effondrer} Kf2+ 70. Ke4 {
C'est fini} Kg2 71. Kxe5 Ra3 72. Qg4+ Kf2 73. Qd4+ Kf3 74. Qd1+ Kg3 75. Ke4 Kh2
76. Qd2+ Kh3 77. Kf4 Ra4+ 78. Kf3 Ra3+ 79. Kf2 1-0

[Event "Sinquefield Cup 3rd"]
[Site "Saint Louis"]
[Date "2015.08.28"]
[Round "6"]
[White "Vachier Lagrave, Maxime"]
[Black "Topalov, Veselin"]
[Result "1-0"]
[ECO "C67"]
[WhiteElo "2731"]
[BlackElo "2816"]
[Annotator "Marin,M"]
[PlyCount "73"]
[EventDate "2015.08.23"]
[EventType "tourn"]
[EventRounds "9"]
[EventCountry "USA"]
[EventCategory "22"]
[SourceTitle "CBM 168"]
[Source "ChessBase"]
[SourceDate "2015.09.14"]
[SourceVersion "1"]
[SourceVersionDate "2015.09.14"]
[SourceQuality "1"]
[TimeControl "40/7200:3600+30"]

1. e4 e5 2. Nf3 Nc6 3. Bb5 Nf6 4. O-O Nxe4 5. d4 Nd6 6.
Bxc6 dxc6 7. dxe5 Nf5 8. Qxd8+ Kxd8 {[%emt 0:00:06];Polgar,J (2735)
-Topalov,V (2788) FIDE-Wch San Luis 2005 (6) 0-1 Even though Topalov's
trademark opening is the Najdorf Sicilian, the Berlin defence, a "discovery"
of his former World title rival, occupies a solid place in his repertoire. He
has used it twice on his way to the supreme title in San Luis 2010. He scored
an important win in the early rounds in} {and a safe draw to secure his first
place in the penultimate round in} 9. h3 {[%emt 0:02:24];Kasimdzhanov,R (2670)
-Topalov,V (2788) FIDE-Wch San Luis 2005 (13) 1/2} h6 10. Rd1+ Ke8 11. Nc3 Ne7 {[%emt 0:01:
33] The paradox of this opening is that with the exception of his knight Black
is even worse than completely undeveloped, since he has lost the right to
castle in the meanwhile. What makes things even more weird is that he can keep
moving around with the same knight which has consumed four tempi over the
first eight moves! Quite naturally, developing moves have also been tried here.
} (11... Bd7 12. Bf4 Rd8 {Caruana,F (2783)-Carlsen,M (2881) Shamkir 2014 CBM
160 [Caruana,F] (1-0, 53)}) (11... Be7 {was the choice of a Berlin
non-specialist, even though one of the greatest players ever!} 12. Ne2 Nh4 13.
Nxh4 Bxh4 14. Be3 Bf5 15. Nd4 Bh7 16. g4 Be7 17. Kg2 h5 18. Nf5 Bf8 19. Kf3 {
Polgar,J (2681)-Kasparov,G (2838) Moscow (Russia vs World, rapid) 2002 CBM 091
[Wedberg] (1-0, 42)}) ({In view of the permanent danger of a pawn break in the
centre,} 11... Be6 {looks as a solid option. The only problem is that Black
has to give up the bishops' pair soon.} 12. g4 Ne7 13. Nd4 Rd8 14. Bf4 ({
The prophilactic} 14. Kg2 $5 {might have been better. By evacuasting the back
rank White threatens Nxe6, in order to meet ...Rxd1? (without check) with
Nxc7+, winning a pawn.} Bc8 15. Bf4 {This looks like a more active version of
the game continuation.}) 14... Nd5 $1 15. Nxe6 fxe6 16. Ne2 b5 ({Black could
have ignored the threat c2-c4, weakening the d4- and d3 squares with} 16... Kf7
{for instance} 17. c4 Nxf4 18. Nxf4 Bc5 $132) 17. b3 (17. Bg3 $5) 17... Bc5 (
17... Kf7 $5) 18. c4 bxc4 19. bxc4 Nb6 20. Rxd8+ Kxd8 21. h4 Ke7 22. g5 {
In Ni,H (2703)-Sasikiran,K (2640) Danzhou 2015 (1-0, 48) Black should have met
White's original pawn break with} Rf8 23. Kg2 Rf5 ) 12. Nd4 {
[%emt 0:06:18] Deviating from two recent games of the main Berlin player
Caruana.} (12. Bf4 Ng6 13. Bh2 Be7 14. Nd4 Nf8 15. Rd3 h5 16. Re1 Ne6 {allowed
Black a safe regrouping in Caruana,F (2803)-Dominguez Perez,L (2734)
Khanty-Mansiysk 2015 CBM 167 [Marin,M] (½-½, 40)}) (12. b3 Bf5 13. Nd4 Bh7
14. Bb2 {Caruana,F (2805)-Carlsen,M (2876) Stavanger 2015 CBM 167 [Wagner,D] 
(1-0, 45)}) 12... Ng6 {[%emt 0:10:19] It is essential to clear the e7-square
for the king for reasons which will be revealed in the lines below.} (12... a6
{is clumsily preparing the losing ...c6-c5.} 13. a3 {This does not make much
sense, it only invited Black to take the byte.} (13. Ne4 $14 {would be a more
useufl way of preventing ...c5.}) 13... c5 $2 (13... Ng6 14. f4 {would lead to
similar play as in the game.}) 14. Ndb5 $1 axb5 15. Nxb5 {In view of the
threat Nxc7 mate Black loses material. Now is when the unavailibility of the
e7-square is relevant.} Nd5 16. Rxd5 c6 17. Nd6+ Kd7 18. Rd3 $18 {Bobras,P 
(2576)-Korneev,O (2651) La Laguna 2008 (½-½, 57)}) ({And a neutral move like
} 12... h5 $2 {would allow the same trick:} 13. Ndb5 $1 $18) 13. f4 ({With the e7-square free, the combination} 13. Ndb5 $6 {does not
really work:} cxb5 14. Nxb5 Rb8 15. Nxc7+ Ke7 16. b3 Bd7 17. Ba3+ Kd8 18. e6 {
Coleman,M (2201)-Parry,M (2292) Cherry Hill 2007 (1-0, 55)} Kxc7 19. Rxd7+ Kc6
$15 {White does not have enough compensation for the knight. Due to his
hanging bishop, he has no time to play Rxf7, which would change the situation
quite a lot.}) 13... Bc5 {[%emt 0:00:17] Planning the exchange on d4 in order
to increase Black's control over the e6- and f5-squares. But this will allow
White achieve a very active position, while the g6-knight is not of much use
for the blockade anyway. Unless Black intends to spend two more tempi with it
to return to f5.} ({If} 13... a6 14. Be3 c5 $2 {White already has an
alternative to the familiar combination:} 15. Nd5 $1 Kd7 16. Nb3 Kc6 17. Na5+)
(13... f6 {was a worthy alternative to the game move, aiming to neutralize
White's space advantage.} 14. exf6 (14. e6 Bc5 15. f5 Nh4 {leaves the pawns
hanging.}) 14... gxf6 {Black plans ...Kf7, ...h5-h4 and if} 15. f5 Nh4 16. g4
h5 {he has reasonable counterplay.}) 14. Be3 h5 15. Ne4 Bxd4 (15... Bb6 {would more or
less force Black take on d4 anyway after} 16. c4) (15... Be7 {is just a loss
of time, allowing White to slowly increase the pressure with} 16. Rd2 $14) 16.
Rxd4 h4 17. Rad1 {[%emt 0:10:01] If Black
could regroup with ...Ne7-f5 followed by ...Be6 he would achieve a dream
position, with perfect blockade on light squares. But he does not have the
time for pursuing such dreams due to the threat 18.Rd8+ Ke7 19.Bc5+} Bf5 (17... Be6 {runs into} 18. Nc5 b6 19. Nxe6 fxe6 20. Rd7 {
when the tricky} Ne7 {fails o equalize:} 21. Rxc7 Nd5 22. Rxd5 cxd5 23. Rxg7 {
with two pawns for the exchange and a very active position.}) 18. e6 {[%emt 0:
01:57] So far, both players had spent some time on several moves, but White
played his last move after less than two minutes. This type of pawn break is
thematic and when it works it can cause Black some trouble.} Bxe6 $6 {[%emt 0:
29:40] Topalov was visibly surprized by the last move, as he answered after
half an hour. He was possibly living under the illusion that the light suqars
are all "his". But the last move does not solve Black's problems completely.} (
{True} 18... Bxe4 $6 {is not entirely satisfactory either:} 19. Rxe4 ({The
hurried} 19. exf7+ {only speeds up Black's development:} Kxf7 20. Rxe4 Rad8 21.
Rxd8 Rxd8 22. f5 Rd1+ 23. Kf2 Ne7 $11 ) 19... f5 (19... fxe6 $2
20. f5 Nf8 21. fxe6 $18) 20. Rb4 b6 21. Rd7 $36) ({But} 18... fxe6 {is not at
all easy to refute, even though White's compensation is beyond any doubt.} 19.
Ng5 Ne7 20. c4 (20. Rd7 Nd5) 20... c5 21. R4d2 (21. Rd7 Nd5 22.
Rxg7 Nxe3 23. Rdd7 {leads only to a draw by perpetual.}) 21... b6 $44 {White's
position is more active, but Black is solid and has an extra pawn. The game is
rather one-sided (Black cannot generate counterplay too easily) but it is not
obvious how could White break the black fortress.}) 19. Nc5 Rh5 $146 {[%emt 0:09:01] Most probably, an over-the-board novelty.} (19... b6
20. Nxe6 fxe6 21. Rd7 $16 {Saric,I (2609)-Sulava,N (2565) Marija Bistrica 2011
(1-0, 33)}) (19... Bc8 {is too passive to be good:} 20. Re4+ $1 Ne7 21. Bd4 f5 22. Re2 Kf7 23. Bxg7 $16) 20. Nxb7 {[%emt 0:07:34]
Black has chronical weaknesses on the queenside, but Topalov had thought up a
way to mend the pawns.} Rd5 $6 {[%emt 0:05:13] This will eventually rid Black
of his double pawns, but not of the weak c5-square.} (20... Rb5 $5 21. Nd8 $8
Rxb2 22. Nxc6 {Threatening Rd8+ followed by mate.} f5 ({
The strategically more desirable} 22... f6 $2 {fails tacctically to} 23. Re4
Kf7 24. Nd8+) 23. R4d3 Rxa2 24. Nd4 Bd7 25. Rc3 c6 26. Nf3 $44 {White surely
has the initiative due to the weakness of the dark squares and the presence of
opposite-coloured bishops, but Black is not without counterchances.}) 21. b3 Rb8 22. Rxd5 cxd5 23. Nc5 c6 24. Rd4 {[%emt 0:03:22]
White has a perfect blockade and threatens to win the a7-pawn.} Bc8 {[%emt 0:
07:59] This looks a bit passive.} ({True, Black had to remove the bishop from
e6, for instance:} 24... Ne7 $2 25. Ra4 Ra8 26. Nxe6 fxe6 27. Rxa7 $18) ({But} 
24... Bf5 {looks a bit more active even though} 25. c4 {may be similar to the
game.}) 25. Ra4 Ra8 26. c4 dxc4 $6 {[%emt 0:04:17] A heavy positional concession.} (26... Ne7 27. cxd5
cxd5 $14 {[%cal Ge7f5] would still have been playable for Black. In fact, the
knight manoeuvre gives meaning to the bishop retreat to c8 rather than f5.})
27. Rxc4 $16 Bf5 ({Even now} 27... Ne7 {
made some sense.}) 28. Nb7 {[%emt 0:01:04] Sudenly, White switches to the
attacking mode.} Kd7 29. Rd4+ Kc7 30. Nd6 Bb1 (30... Be6 31. f5 Bd5 32.
Nb5+ (32. Nxf7 $5) 32... cxb5 33. Rxd5 Ne7 34. Rxb5 $18) 31. Nxf7 Re8 (31... Bxa2 32. f5 Nf8 33. Rb4 {[%csl Ra2][%cal
Ge3f4] threatens the devastating Bf4+ while leaving the a2-bishop in off-side.}
) 32. Kf2 Bxa2 $2 {[%emt 0:05:42] Giving away the control of
the f5-square makes things simpler for White.} (32... a6 {, removing the pawn
from the e3-bishop's range would have offered some hopes still.} 33. Ra4 Re4
34. Rxe4 (34. Rxa6 Nxf4 {offers some shadow of counterplay.}) 34... Bxe4 35.
Ng5 Bb1 36. a3 Kd6 37. b4 Kd5 {and a win is not obvious for White yet.}) 33. f5
$18 Nf8 34. Ra4 Bxb3 35. Rxa7+ Kb8 36. Nd6 Rd8 37. Rxg7 (37. Rxg7 Rxd6 38. Bf4) 1-0

[Event "CHN-chT"]
[Site "China"]
[Date "2015.07.27"]
[Round "11.21"]
[White "Wan, Yunguo"]
[Black "Wang, Hao"]
[Result "1-0"]
[ECO "C67"]
[WhiteElo "2477"]
[BlackElo "2713"]
[Annotator "Primel,D"]
[PlyCount "53"]
[EventDate "2015.04.10"]
[EventType "team-match"]
[EventRounds "22"]
[EventCountry "CHN"]
[SourceTitle "EXT 2019"]
[Source "ChessBase"]
[SourceDate "2018.10.10"]
[SourceVersion "1"]
[SourceVersionDate "2018.10.10"]
[SourceQuality "1"]
[WhiteTeam "Heibei"]
[BlackTeam "Beijing"]
[WhiteTeamCountry "CHN"]
[BlackTeamCountry "CHN"]
[TimeControl "5400+30"]

1. e4 e5 2. Nf3 Nc6 3. Bb5 Nf6 {Le Top GMI veut jouer une partie technique
mais la cadence rapide est un peu incompatible avec les longues manoeuvres du
mur de Berlin} 4. O-O Nxe4 5. Re1 $5 {Cette variante a connu un regain de
popularité depuis quelques années.} (5. d4 {La grande ligne}) 5... Nd6 6.
Nxe5 Be7 7. Bf1 (7. Bd3 $5) 7... O-O (7... Nxe5 8. Rxe5 O-O 9. Nc3 Bf6 10. Re1
Re8 11. Nd5 Rxe1 12. Nxf6+ Qxf6 13. Qxe1 b6 14. d3 Bb7 15. Qb4 Re8 16. Qf4 Qg6
17. Bd2 h6 18. b4 c5 19. bxc5 bxc5 20. Be3 Rc8 21. Rb1 Qe6 22. c4 g5 23. Qg3
Nf5 24. Qg4 Nxe3 25. Qxe6 dxe6 26. Rxb7 Nf5 27. Rxa7 g4 28. h3 h5 29. hxg4 hxg4
30. Be2 Nh6 31. Ra5 Kg7 32. a4 Kf6 33. Rb5 Ke5 34. a5 Kd4 35. a6 Ra8 36. Ra5
Ra7 37. Kh2 {Giri,A (2768)-Anand,V (2793) London 2014 1/2-1/2}) (7... Nf5 8.
Nf3 O-O 9. d4 d5 10. c3 Bd6 $132) 8. d4 Nf5 9. d5 (9. Nf3 d5 10. c3) 9... Nxe5
10. Rxe5 d6 11. Re1 Re8 $146 {Un coup naturel mais un peu passif} (11... Bf6
12. Nd2 Nh4 {Anand,V (2804)-McShane,L (2645) London Classic 2nd 2010 (5) 1/2} (
12... Bg5 13. Ne4 Bxc1 14. Rxc1 $32)) 12. Nc3 Nh4 (12... Bf6 13. Ne4) 13. Ne4
$1 {Empêche Bf6 ou Bg5} Bd7 (13... Bf8 14. Bg5 (14. Qh5 ) 14... Be7 15. Qh5 Bxg5 16. Nxg5 $18 )
14. Qh5 $14 g6 15. Qh6 Bf8 16. Qg5 $1 Kg7 {Le signe
que la position Noire n'est pas trés saine} (16... Bg7 17. Qxd8 Raxd8 18. Bg5 ) 17. Qg3 $36 Nf5 $2 (17... h6 {Un
moindre mal}) 18. Qc3+ $1 {Comme souvent le couple N+Q est redoutable dans
l'attaque du K adverse} Kg8 19. Bg5 $40 Bg7
20. Nf6+ Kh8 21. Nxe8 $1 Bxc3 22. Bxd8 Rxd8 23. Nxd6 $1 {[%cal Gd6f7] La
pointe car la menace Nf7 regagne la qualité} cxd6 24. bxc3 Kg7 (24... Rc8 25.
c4 Nd4 26. Rac1 Bf5 27. Bd3) 25. Reb1 b6 26. a4 Rc8 27. c4 1-0